 Dungeon Crawl Stone Soup version 0.29-a0-25-g7f48f510a0 (webtiles) character file.

Game seed: 9117916690681029078

53 oldriver the Chopper (level 3, 0/31 HPs)
             Began as a Hill Orc Gladiator on Feb 1, 2022.
             Succumbed to an adder's poison
             ... on level 2 of the Dungeon.
             The game lasted 00:01:58 (1658 turns).

oldriver the Chopper (Hill Orc Gladiator)           Turns: 1658, Time: 00:01:58

Health: 0/31       AC:  5    Str: 16 (18) XL:     3   Next: 87%
Magic:  3/3        EV: 11    Int:  6 (8)  God:
Gold:   37         SH:  0    Dex:  9 (12) Spells: 2/2 levels left

rFire   . . .      SeeInvis .   a - +0 war axe
rCold   . . .      Faith    .   (no shield)
rNeg    . . .      Spirit   .   b - +0 leather armour
rPois   .          Reflect  .   c - +0 helmet
rElec   .          Harm     .   (no cloak)
rCorr   .          Rampage  .   (no gloves)
Will    .....                   e - +0 pair of boots
Stlth   +.........              (no amulet)
HPRegen 0.10/turn               (no ring)
MPRegen 0.08/turn               (no ring)

@: lethally poisoned (0 -> -4)
A: no striking features
a: no special abilities


You were on level 2 of the Dungeon.
You visited 1 branch of the dungeon, and saw 2 of its levels.

You collected 37 gold pieces.

Inventory:

Hand Weapons
 a - a +0 war axe (weapon)
Missiles
 d - a throwing net (quivered)
 g - 4 poisoned darts
 i - 23 stones
Armour
 b - a +0 leather armour (worn)
 c - a +0 helmet (worn)
 e - a +0 pair of boots (worn)
Scrolls
 h - a scroll of identify {unknown}


   Skills:
 + Level 3.4 Fighting
 + Level 4.8 Axes
 + Level 2.5 Throwing
 - Level 2.4 Dodging


You had 2 spell levels left.
You didn't know any spells.
Your spell library was empty.

Dungeon Overview and Level Annotations

Branches:
Dungeon (2/15)

Altars:


Message History

You are more poisoned.
The adder poisons you!
You slash the adder!
You kill the adder!
You feel sick. The adder bites you but does no damage.
It was a potion of degeneration.
There was something very wrong with that liquid.
You feel weakened.
You feel dopey.
You feel clumsy.
You feel sick. The adder bites you but does no damage.
You miss the adder.
You feel sick. The adder bites you but does no damage. The adder bites you.
* * * LOW HITPOINT WARNING * * *
You are lethally poisoned!
The adder poisons you!
You closely miss the adder.
* * * LOW HITPOINT WARNING * * *
You feel sick. The adder bites you.
* * * LOW HITPOINT WARNING * * *
You aren't carrying any potions.
Throw: 3 throwing nets
Press: ? - help, Shift-Dir - straight line, f - adder
Aim: an adder (35% to hit)
You throw a throwing net.
The throwing net closely misses the adder.
The throwing net hits the adder.
The adder is caught in the net!
* * * LOW HITPOINT WARNING * * *
You feel sick. The adder closely misses you.
The adder struggles against the net.
The adder bites you but does no damage.
Throw: 2 throwing nets
Press: ? - help, Shift-Dir - straight line, f/p - adder
Aim: an adder (35% to hit)
You throw a throwing net.
The throwing net completely misses the adder.
The throwing net hits the adder.
* * * LOW HITPOINT WARNING * * *
You feel sick.
The adder struggles against the net.
The adder bites you.
* * * LOW HITPOINT WARNING * * *
The adder struggles against the net.
You barely miss the adder.
You die...

.............## ###
...#..<......###...
...................#
....>.#............
.....###.......#...
..... #.......# ..
.... ####....## .
... ####..# # ...
##@# .##.. #S#.....#
#S...# #...#.#
?....# # ###...#
.=..# ##...# .....


You could see 2 adders.

Vanquished Creatures
  2 adders
  A dart slug (D:1)
  2 bats (D:1)
  2 endoplasms (D:1)
  3 giant cockroaches
  4 goblins
  2 hobgoblins (D:1)
  4 jackals (D:1)
  2 quokkas
  2 frilled lizards (D:1)
  3 kobolds (D:1)
  3 rats (D:1)
30 creatures vanquished.

Notes
Turn   | Place    | Note
-------+----------+-------------------------------------------
     0 | D:1      | oldriver the Hill Orc Gladiator began the quest for the
                  | Orb.
     0 | D:1      | Reached XP level 1. HP: 18/18 MP: 1/1
    77 | D:1      | Reached XP level 2. HP: 6/25 MP: 2/2
   450 | D:1      | Found a faded altar of an unknown god.
  1062 | D:1      | Reached XP level 3. HP: 31/31 MP: 3/3
  1657 | D:2      | HP: 1/31 [adder (1)]
  1658 | D:2      | Succumbed to an adder's poison

Illustrated notes

Levels and vault maps discovered:
D:1:      eino_arrival_cavern_a, layout_rooms, basic_ecumenical_altar
D:2:      layout_rooms, amcnicky_mini_rare_corridor_liquid, minmay_diced_spiral

Skill      XL: |  1  2 |
---------------+-------+-----
Throwing       | 2 |  2.5
Fighting       | 3 |  3.4
Axes           | |  4.8
Dodging        | |  2.4

Action                   || total
-------------------------++-------
Melee: War axe           ||    98
       Punch             ||     2
Throw: Throwing net      ||     2
  Use: Potion            ||     1
 Stab: Sleeping          ||     1
Armor: Leather armour    ||    31
Dodge: Dodged            ||    69

Table legend: (Time is in decaauts)
 A = Elapsed time spent in this place.
 B = Non-inter-level travel time spent in this place.
 C = Inter-level travel time spent in this place.
 D = Time resting spent in this place.
 E = Time spent auto-exploring this place.
 F = Levels seen in this place.
 G = Mean time per level.
                   A        B        C        D        E       F      G
               +--------+--------+--------+--------+--------+-----+--------+
         Total |   1686 |   1546 |    140 |    754 |    492 |   2 |  843.0 |
       Dungeon |   1686 |   1546 |    140 |    754 |    492 |   2 |  843.0 |
               +--------+--------+--------+--------+--------+-----+--------+

Top non-repeatable levels by time:
     D:1: 1617 daAuts
     D:2: 69 daAuts
